 Dungeon Crawl Stone Soup version 0.27-a0-1391-g48c30b3128 (webtiles) character file.

Game seed: 6040487086628230337

1846 BlueGoblin the Charlatan (level 9, -9/66 HPs)
             Began as a Gnoll Artificer on July 1, 2021.
             Mangled by a two-headed ogre (10 damage)
             ... on level 7 of the Dungeon.
             The game lasted 00:25:09 (9685 turns).

BlueGoblin the Charlatan (Gnoll Artificer)          Turns: 9685, Time: 00:25:09

Health: -9/66      AC: 10    Str: 14    XL:     9   Next: 12%
Magic:  14/14      EV:  8    Int: 10    God:
Gold:   184        SH:  0    Dex: 14    Spells: 15/15 levels left

rFire    . . .     SeeInvis .   a - +1 great sword (pain)
rCold    + . .     Faith    .   (shield currently unavailable)
rNeg     . . .     Spirit   .   c - +0 chain mail
rPois    .         Reflect  .   (no helmet)
rElec    .         Harm     .   C - scarf {repulsion}
rCorr    .         Rampage  .   (no gloves)
Will     .....                  (no boots)
Stlth    ..........             k - amulet of the acrobat
HPRegen  0.21/turn              f - ring of protection from cold
MPRegen  0.14/turn              (no ring)

@: repel missiles
A: fangs 1, strong nose, distributed training
a: no special abilities


You were on level 7 of the Dungeon.
You visited 2 branches of the dungeon, and saw 8 of its levels.

You collected 184 gold pieces.

Inventory:

Hand Weapons
 a - a +1 great sword of pain (weapon)
 b - a +2 shortbow of flaming
 A - a +0 triple sword
 H - a +0 hunting sling
Missiles
 j - 28 poisoned darts
 l - 38 bolts
 m - 119 arrows
 r - 108 stones
 y - 3 silver boomerangs (quivered)
 F - 26 sling bullets
Armour
 c - a +0 chain mail (worn)
 C - a scarf of repulsion (worn)
 G - +0 steam dragon scales
Jewellery
 f - a ring of protection from cold (left hand)
 k - an amulet of the acrobat (around neck)
 o - a ring of wizardry
Wands
 d - a wand of charming (9)
 n - a wand of iceblast (15)
 q - a wand of polymorph (11)
 w - a wand of flame (14)
Scrolls
 i - 2 scrolls of teleportation
 s - 2 scrolls of enchant armour
 D - a scroll of vulnerability {unknown}
Potions
 g - a potion of flight {unknown}
 h - 6 potions of heal wounds
 p - 2 potions of resistance
 t - a potion of attraction {unknown}
 u - 2 potions of lignification {unknown}
 v - 3 potions of brilliance {unknown}
 x - a potion of magic {unknown}
 z - 4 potions of curing {unknown}
 B - a potion of berserk rage {unknown}
 E - a potion of ambrosia {unknown}
Miscellaneous
 e - a piece from Xom's chessboard (15/15)


   Skills:
 + Level 4.7 Fighting
 + Level 3.9 Short Blades
 + Level 3.9 Long Blades
 + Level 3.9 Axes
 + Level 3.9 Maces & Flails
 + Level 3.9 Polearms
 + Level 3.9 Staves
 + Level 3.9 Slings
 + Level 3.9 Bows
 + Level 3.9 Crossbows
 + Level 3.9 Throwing
 + Level 6.1 Armour
 + Level 4.7 Dodging
 + Level 4.6 Stealth
 + Level 3.9 Shields
 + Level 3.9 Unarmed Combat
 + Level 3.9 Spellcasting
 + Level 3.2 Conjurations
 + Level 3.2 Hexes
 + Level 3.2 Summonings
 + Level 3.2 Necromancy
 + Level 3.2 Translocations
 + Level 3.2 Transmutations
 + Level 3.2 Fire Magic
 + Level 3.2 Ice Magic
 + Level 3.2 Air Magic
 + Level 3.2 Earth Magic
 + Level 3.2 Poison Magic
 + Level 4.3 Invocations
 + Level 7.7 Evocations


You had 15 spell levels left.
You didn't know any spells.
Your spell library contained the following spells:

 Spells                   Type           Power      Damage    Failure   Level
 Confusing Touch          Hex            8%         N/A       98%         3
 Gell's Gravitas          Tloc           4%         N/A       98%         3
 Petrify                  Tmut/Erth      8%         N/A       100%        4
 Metabolic Englaciation   Hex/Ice        4%         N/A       100%        5
 Yara's Violent Unravell  Hex/Tmut       4%         3d4       100%        5


Dungeon Overview and Level Annotations

Branches:
Dungeon (7/15)             Temple (1/1) D:4

Altars:
Ashenzari
Cheibriados
Dithmenos
Elyvilon
Fedhas
Gozag
Hepliaklqana
Kikubaaqudgha
Makhleb
Nemelex Xobeh
Okawaru
Qazlal
Ru
Sif Muna
Trog
Uskayaw
Vehumet
Wu Jian
Xom
Yredelemnul
Zin
The Shining One

Shops:
D:3 :


Innate Abilities, Weirdness & Mutations

You have very sharp teeth.
Your uncanny sense of smell can sniff out nearby items.
Your experience applies equally to all skills.


Message History

You miss the water moccasin.
The water moccasin is almost dead.
You feel sick.
The water moccasin bites you but does no damage.
The water moccasin bites you! The water moccasin barely misses you.
You miss the water moccasin.
The water moccasin is almost dead.
You feel sick.
The water moccasin bites you but does no damage.
The water moccasin barely misses you.
Unknown command.
You hit the water moccasin but do no damage.
The water moccasin is almost dead.
You feel sick. The water moccasin barely misses you.
The water moccasin bites you.
You are more poisoned.
The water moccasin poisons you!
You hit the water moccasin.
The water moccasin writhes in agony.
You kill the water moccasin!
You feel very sick.
You start resting.
You feel very sick. x2
You feel sick. x8
You are no longer poisoned.
You start resting.
HP restored.
You start waiting.
Done waiting.
You climb downwards.
The two-headed ogre hits you with a +0 giant club!!
The two-headed ogre hits you with a +0 dire flail!
There is a stone staircase leading up, spattered with blood here.
Aiming: Charm
Press: ? - help, Shift-Dir - straight line, f - two-headed ogre
Aim: a two-headed ogre, wielding a +0 giant club and a +0 dire flail (chance to affect: 50%)
The two-headed ogre resists with significant effort.
The two-headed ogre hits you with a +0 giant club!!
* * * LOW HITPOINT WARNING * * *
The two-headed ogre hits you with a +0 dire flail!
You die...

#.. .# ###
#.. ##.#
...#.. .#.# #
#.#.. ...
#.#.... ..
.......#.## #
##........#.#
(...(.(.....#
......#@....#
....#..O....#
### #.......#
#..).##.#
#....+ ...
#....# ###
#....# #....+


You could see a two-headed ogre.

Vanquished Creatures
  Eustachio (D:4)
  A water moccasin (D:6)
  A black bear (D:6)
  An orc warrior (D:6)
  A sky beast (D:6)
  An ice beast (D:6)
  3 ogres
  A necrophage (D:6)
  2 centaurs (D:6)
  The ghost of anet the Conjurer, an amateur DECj (D:3)
  A bullfrog (D:4)
  2 scorpions
  5 hounds
  A jelly (D:4)
  2 centaur skeletons
  A bullfrog skeleton (D:6)
  2 iguanas (D:6)
  2 orc wizards
  6 adders
  A shadow imp (D:6)
  A white imp (D:5)
  An ufetubus (D:5)
  5 worms
  3 dart slugs
  14 orcs
  3 endoplasms
  2 giant cockroaches
  6 goblins
  4 hobgoblins
  9 jackals
  A quokka (D:4)
  3 ball pythons
  4 bats
  2 frilled lizards
  5 kobolds
  4 rats
103 creatures vanquished.

Vanquished Creatures (collateral kills)
  An orc (D:3)
  A hobgoblin (D:4)
  2 jackals (D:4)
4 creatures vanquished.

Vanquished Creatures (others)
  An orc priest (D:6)
1 creature vanquished.

Grand Total: 108 creatures vanquished

Notes
Turn   | Place    | Note
-------+----------+-------------------------------------------
     0 | D:1      | BlueGoblin the Gnoll Artificer began the quest for the Orb.
     0 | D:1      | Reached XP level 1. HP: 17/17 MP: 1/1
   770 | D:1      | Reached XP level 2. HP: 23/23 MP: 2/2
  1452 | D:2      | Reached XP level 3. HP: 23/28 MP: 3/3
  1716 | D:2      | Reached skill level 1 in Invocations
  1881 | D:2      | Found a faded altar of an unknown god.
  2082 | D:2      | Reached skill level 1 in Short Blades
  2082 | D:2      | Reached skill level 1 in Long Blades
  2082 | D:2      | Reached skill level 1 in Axes
  2082 | D:2      | Reached skill level 1 in Maces & Flails
  2082 | D:2      | Reached skill level 1 in Polearms
  2082 | D:2      | Reached skill level 1 in Staves
  2082 | D:2      | Reached skill level 1 in Slings
  2082 | D:2      | Reached skill level 1 in Bows
  2082 | D:2      | Reached skill level 1 in Crossbows
  2082 | D:2      | Reached skill level 1 in Throwing
  2082 | D:2      | Reached skill level 1 in Shields
  2082 | D:2      | Reached skill level 1 in Unarmed Combat
  2082 | D:2      | Reached skill level 1 in Spellcasting
  2275 | D:3      | Reached XP level 4. HP: 29/34 MP: 5/5
  2318 | D:3      | Reached skill level 1 in Conjurations
  2318 | D:3      | Reached skill level 1 in Hexes
  2318 | D:3      | Reached skill level 1 in Summonings
  2318 | D:3      | Reached skill level 1 in Necromancy
  2318 | D:3      | Reached skill level 1 in Translocations
  2318 | D:3      | Reached skill level 1 in Transmutations
  2318 | D:3      | Reached skill level 1 in Fire Magic
  2318 | D:3      | Reached skill level 1 in Ice Magic
  2318 | D:3      | Reached skill level 1 in Air Magic
  2318 | D:3      | Reached skill level 1 in Earth Magic
  2318 | D:3      | Reached skill level 1 in Poison Magic
  2352 | D:3      | Found a runed translucent door.
  2619 | D:3      | Noticed anet's ghost (amateur DECj)
  2632 | D:3      | Killed anet's ghost
  2633 | D:3      | Reached XP level 5. HP: 41/41 MP: 5/7
  2731 | D:3      | Found Oraxor's Book Emporium.
  3609 | D:4      | Noticed Eustachio
  3890 | D:4      | Noticed an ogre
  3975 | D:3      | Killed an ogre
  3976 | D:3      | Reached XP level 6. HP: 24/47 MP: 8/8
  4337 | D:4      | Reached skill level 5 in Armour
  4447 | D:4      | Found a staircase to the Ecumenical Temple.
  4681 | D:4      | Killed Eustachio
  4682 | D:4      | Reached XP level 7. HP: 35/52 MP: 10/10
  4691 | D:4      | Reached skill level 7 in Evocations
  5290 | Temple   | Entered the Ecumenical Temple
  5408 | D:5      | Entered Level 5 of the Dungeon
  6548 | D:5      | Found an ornate altar of the Wu Jian Council.
  6779 | D:5      | Identified a scroll of acquirement
  6779 | D:5      | Acquired a scarf of repulsion
  7103 | D:5      | Reached XP level 8. HP: 34/60 MP: 12/12
  8826 | D:6      | Reached XP level 9. HP: 47/66 MP: 14/14
  9307 | D:7      | Noticed a two-headed ogre
  9685 | D:7      | HP: 1/66 [two-headed ogre (27)]
  9685 | D:7      | Mangled by a two-headed ogre

Illustrated notes

Levels and vault maps discovered:
D:1:      dpeg_arrival_shrine, layout_basic, minmay_tromino_i4
D:2:      layout_rooms, chequers_ecumenical_altar_simple_redux,
          chequers_serial_rivers_micro_d, chequers_decorated_corner
D:3:      layout_basic, gammafunk_ghost_grave, serial_shops, nicolae_square_shop
D:4:      layout_cave_pools, minmay_temple_entry_stoned_glass, uniq_eustachio
D:5:      layout_basic, lemuel_round_altar
D:6:      layout_basic, enter_ossuary_2
D:7:      layout_basic, ebering_ghost_reflecting_pool
Temple:   compressed_dpeg_circular_temple

Skill      XL: |  1  2  3  4  5  6  7  8 |
---------------+-------------------------+-----
Invocations    | 1 2 3 4 |  4.3
Short Blades   | 1 2 3 |  3.9
Long Blades    | 1 2 3 |  3.9
Axes           | 1 2 3 |  3.9
Maces & Flails | 1 2 3 |  3.9
Polearms       | 1 2 3 |  3.9
Staves         | 1 2 3 |  3.9
Slings         | 1 2 3 |  3.9
Bows           | 1 2 3 |  3.9
Crossbows      | 1 2 3 |  3.9
Throwing       | 1 2 3 |  3.9
Shields        | 1 2 3 |  3.9
Unarmed Combat | 1 2 3 |  3.9
Spellcasting   | 1 2 3 |  3.9
Conjurations   | 1 2 3 |  3.2
Hexes          | 1 2 3 |  3.2
Summonings     | 1 2 3 |  3.2
Necromancy     | 1 2 3 |  3.2
Translocations | 1 2 3 |  3.2
Transmutations | 1 2 3 |  3.2
Fire Magic     | 1 2 3 |  3.2
Ice Magic      | 1 2 3 |  3.2
Air Magic      | 1 2 3 |  3.2
Earth Magic    | 1 2 3 |  3.2
Poison Magic   | 1 2 3 |  3.2
Fighting       | 3 4 |  4.7
Dodging        | 3 4 |  4.7
Stealth        | 3 4 |  4.6
Armour         | 5 6 |  6.1
Evocations     | 7 |  7.7

Action                   |  1- 3 |  4- 6 |  7- 9 || total
-------------------------+-------+-------+-------++-------
Melee: Club              |    38 |       |       ||    38
       Bite              |    15 |     6 |    15 ||    36
       Short sword       |   122 |    16 |       ||   138
       Punch             |     1 |       |       ||     1
       Hand axe          |       |     4 |       ||     4
       Great sword       |       |    58 |   120 ||   178
       Triple sword      |       |       |     4 ||     4
 Fire: Hunting sling     |     4 |    41 |    65 ||   110
       Shortbow          |       |       |    10 ||    10
Throw: Boomerang         |       |    13 |     5 ||    18
       Dart              |       |     1 |       ||     1
Evoke: Wand              |     4 |    18 |     9 ||    31
  Use: Scroll            |     1 |     1 |     5 ||     7
       Potion            |       |       |     1 ||     1
 Stab: Sleeping          |     1 |       |       ||     1
Armor: Leather armour    |    16 |       |       ||    16
       Ring mail         |    50 |    25 |       ||    75
       Scale mail        |       |    25 |       ||    25
       Chain mail        |       |    34 |   145 ||   179
Dodge: Dodged            |   116 |    87 |   119 ||   322
       Rpst.: Great sword |       |    18 |    22 ||    40

Table legend: (Time is in decaauts)
 A = Elapsed time spent in this place.
 B = Non-inter-level travel time spent in this place.
 C = Inter-level travel time spent in this place.
 D = Time resting spent in this place.
 E = Time spent auto-exploring this place.
 F = Levels seen in this place.
 G = Mean time per level.
                   A        B        C        D        E       F      G
               +--------+--------+--------+--------+--------+-----+--------+
         Total |   9807 |   9035 |    772 |   3393 |   3718 |   8 | 1225.9 |
       Dungeon |   9701 |   8947 |    754 |   3393 |   3644 |   7 | 1385.9 |
        Temple |    106 |     88 |     18 |      0 |     74 |   1 |  106.0 |
               +--------+--------+--------+--------+--------+-----+--------+

Top non-repeatable levels by time:
     D:6: 2332 daAuts
     D:5: 1815 daAuts
     D:4: 1553 daAuts
     D:3: 1516 daAuts
     D:1: 1441 daAuts
     D:2: 1033 daAuts
  Temple: 106 daAuts
     D:7: 8 daAuts
